 Dungeon Crawl Stone Soup version 0.30-a0-777-ga9a30cbeda (webtiles) character file.

Game seed: 15191302990524702166

330169 testman the Merfolkian Blade (level 21, -29/280 HPs)
             Began as a Merfolk Gladiator on Feb 14, 2023.
             Was an Initiate of Gozag.
             Annihilated by a white very ugly thing (44 damage)
             ... on level 4 of the Vaults.
             The game lasted 02:36:27 (40641 turns).

testman the Merfolkian Blade (Merfolk Gladiator)   Turns: 40641, Time: 02:36:27

Health: -29/280    AC: 19    Str: 23    XL:     21   Next: 74%
Magic:  0/32       EV: 24    Int: 13    God:    Gozag
Gold:   6036       SH:  8    Dex: 22    Spells: 13/28 levels left

rFire   . . .      SeeInvis .    A - +4 scimitar (flame)
rCold   . . .      Faith    .    Q - +1 buckler {AC+3}
rNeg    . . .      Spirit   +    Z - +4 moon troll leather armour {Spirit, Regen++ MP+5}
rPois   +          Reflect  .    K - +2 helmet {Int+3}
rElec   .          Harm     .    r - +2 cloak {rPois}
rCorr   .          Rampage  .    n - +2 pair of gloves {Str+3}
Will    +....                    N - +2 pair of boots {Fly} Stlth
                                 i - amulet "Qiupo Dusch" {Fragile Regen+ Str+4 Slay+6}
HPRegen 3.06/turn                V - +4 ring of slaying
MPRegen 0.23/turn                I - ring of wizardry

@: berserking (expiring), corroded, flying, studying Ice Magic, very quick
A: (nimble swimmer 2), mertail, deformed body, mutation resistance 1
}: 2/15 runes: decaying, gossamer
a: Renounce Religion, Potion Petition, Call Merchant, Bribe Branch


You were on level 4 of the Vaults.
You worshipped Gozag.
Gozag was greatly pleased with you.
You visited 6 branches of the dungeon, and saw 34 of its levels.
You visited the Abyss 1 time.
You also visited: Gauntlet, Ice Cave and Wizlab.

You collected 19273 gold pieces.
You spent 1374 gold pieces at shops.
You paid 11863 gold pieces to Gozag.

Inventory:

Hand Weapons
 A - a +4 scimitar of flaming (weapon)
Missiles
 d - 3 throwing nets
 e - 11 javelins
 j - 5 silver boomerangs
 l - 3 boomerangs of dispersal
 v - 41 poisoned darts (quivered)
 G - 15 curare-tipped darts
 H - 15 boomerangs
Armour
 c - a +0 helmet
 n - a +2 pair of gloves of strength (worn)
 r - a +2 cloak of poison resistance (worn)
 u - a +2 hat of willpower
 x - the +4 troll leather armour of Oto Xote {+Inv rC+ Regen+ Int-5 SInv}
   (You took it off a moon troll in a wizard's laboratory)

   Int:       It affects your intelligence (-5).
   rC:        It protects you from cold.
   SInv:      It lets you see invisible.
   +Inv:      It lets you turn invisible.
   Regen:     It increases your rate of health regeneration.
 K - a +2 helmet of intelligence (worn)
 N - a +2 pair of boots of flying (worn)
 Q - a +1 buckler of protection (worn)
 Z - the +4 moon troll leather armour (worn) {Spirit, Regen++ MP+5}
   (You found it on level 5 of the Lair of Beasts)

   MP:        It affects your magic capacity (+5).
   Regen:     It increases your rate of health regeneration.
Jewellery
 a - a ring of protection from fire
 g - the ring "Uneer" {rPois rF- rCorr Slay+3}
   (You acquired it in a Gauntlet)

   [ring of resist corrosion]

   Slay:      It affects your accuracy & damage with ranged weapons and melee
   (+3).
   rF:        It makes you vulnerable to fire.
   rPois:     It protects you from poison.
   rCorr:     It protects you from acid and corrosion.
 i - the amulet "Qiupo Dusch" (around neck) {Fragile Regen+ Str+4 Slay+6}
   (You took it off a minotaur in a Gauntlet)

   [amulet of regeneration]

   Str:       It affects your strength (+4).
   Slay:      It affects your accuracy & damage with ranged weapons and melee
   (+6).
   Regen:     It increases your rate of health regeneration.
   Fragile:   It will be destroyed if unequipped.
 C - a ring of positive energy
 F - a ring of resist corrosion
 I - a ring of wizardry (right hand)
 L - a ring of ice
 V - a +4 ring of slaying (left hand)
Wands
 k - a wand of paralysis (8)
 t - a wand of acid (30)
 z - a wand of flame (90)
 J - a wand of digging (9)
 P - a wand of iceblast (28)
 R - a wand of polymorph (31)
Scrolls
 b - 2 scrolls of butterflies
 h - 6 scrolls of fear
 o - 6 scrolls of enchant weapon
 p - a scroll of silence
 q - 16 scrolls of teleportation
 w - 8 scrolls of fog
 y - 6 scrolls of amnesia
 S - 2 scrolls of blinking
 U - a scroll of poison
 W - 3 scrolls of magic mapping
 Y - 2 scrolls of brand weapon
Potions
 f - 19 potions of curing
 m - 8 potions of haste
 s - 8 potions of cancellation
 B - 2 potions of magic
 D - 16 potions of mutation
 E - 3 potions of ambrosia
 M - 2 potions of invisibility
 O - a potion of berserk rage
 T - 2 potions of might
 X - 10 potions of brilliance


   Skills:
 + Level 21.5 Fighting
 + Level 23.3 Long Blades
 - Level 19.0 Throwing
 - Level 8.0 Armour
 - Level 15.8 Dodging
 - Level 8.7 Shields
 + Level 4.1 Spellcasting
 - Level 3.0 Conjurations
 - Level 4.1 Summonings
 - Level 5.0 Translocations
 + Level 13.6 Ice Magic


You had 13 spell levels left.
You knew the following spells:

 Your Spells              Type           Power      Damage    Failure   Level
a - Blink                 Tloc           30%        N/A       2%          2
b - Frozen Ramparts       Ice            76%        1d12      1%          3
c - Ozocubu's Armour      Ice            38%        N/A       1%          3
d - Summon Ice Beast      Ice/Summ       25%        N/A       3%          4
e - Hailstorm             Conj/Ice       24%        3d7       1%          3

Your spell library contained the following spells:

 Spells                   Type           Power      Damage    Failure   Level
 Apportation              Tloc           30%        N/A       1%          1
 Freeze                   Ice            100%       1d10      1%          1
 Lesser Beckoning         Tloc           30%        N/A       2%          2
 Magic Dart               Conj           40%        1d5       3%          1
 Call Imp                 Summ           13%        N/A       3%          2
 Momentum Strike          Conj/Tloc      26%        3d8       3%          2
 Gell's Gravitas          Tloc           15%        N/A       4%          3
 Teleport Other           Tloc           15%        N/A       4%          3
 Kiss of Death            Conj/Necr      24%        2d7       6%          1
 Sandblast                Erth           4%         2d4       12%         1
 Sting                    Tmut/Pois      8%         1d3       12%         1
 Manifold Assault         Tloc           15%        N/A       16%         4
 Passage of Golubria      Tloc           15%        N/A       16%         4
 Cigotuvi's Dreadful Rot  Necr/Pois/Air  4%         N/A       17%         2
 Passwall                 Tmut/Erth      1%         N/A       17%         2
 Poisonous Vapours        Pois/Air       4%         N/A       17%         2
 Stone Arrow              Conj/Erth      12%        3d7       19%         3
 Metabolic Englaciation   Hex/Ice        10%        N/A       19%         5
 Mephitic Cloud           Conj/Pois/Air  5%         N/A       22%         3
 Confusing Touch          Hex            2%         N/A       32%         3
 Inner Flame              Hex/Fire       2%         N/A       32%         3
 Animate Armour           Summ/Erth      16%        N/A       43%         4
 Summon Lightning Spire   Summ/Air       8%         N/A       43%         4
 Flame Wave               Conj/Fire      6%         2d5       50%         4
 Sticky Flame             Conj/Fire      6%         2d3       50%         4
 Airstrike                Air            1%         2d(1-17)  71%         4
 Dispel Undead            Necr           2%         3d7       71%         4
 Olgreb's Toxic Radiance  Pois           2%         N/A       71%         4
 Petrify                  Tmut/Erth      2%         N/A       71%         4
 Summon Mana Viper        Hex/Summ       8%         N/A       77%         5
 Lightning Bolt           Conj/Air       3%         1d14      83%         5
 Dispersal                Tloc           7%         N/A       89%         6
 Alistair's Intoxication  Tmut/Pois      1%         N/A       95%         5
 Blade Hands              Tmut           1%         N/A       95%         5
 Borgnjor's Vile Clutch   Necr/Erth      1%         N/A       95%         5
 Silence                  Hex/Air        1%         N/A       95%         5
 Conjure Ball Lightning   Conj/Air       3%         3x3d6     100%        6
 Death Channel            Necr           1%         N/A       100%        6
 Iron Shot                Conj/Erth      3%         9d2       100%        6
 Statue Form              Tmut/Erth      1%         N/A       100%        6
 Dragon Form              Tmut           1%         N/A       100%        7
 Malign Gateway           Summ/Tloc      7%         N/A       100%        7
 Monstrous Menagerie      Summ           6%         N/A       100%        7
 Storm Form               Tmut/Air       1%         N/A       100%        7
 Discord                  Hex            1%         N/A       100%        8
 Disjunction              Tloc           7%         N/A       100%        8
 Lehudib's Crystal Spear  Conj/Erth      3%         10d2      100%        8
 Summon Horrible Things   Summ           6%         N/A       100%        8
 Simulacrum               Ice/Necr       Unusable   N/A       N/A         6
 Animate Dead             Necr           Unusable   N/A       N/A         4

Dungeon Overview and Level Annotations

Branches:
Dungeon (15/15)            Temple (0/1) D:5            Lair (5/5) D:9
  Swamp (4/4) Lair:2       Spider (4/4) Lair:2        Slime (0/5) Lair:4
    Orc (2/2) D:12            Elf (0/3) Orc:2        Vaults (4/5) D:13
  Crypt (0/3) Vaults:3     Depths (0/4) D:15          IceCv (visited)
 WizLab (visited)         Gauntlet (visited)

Altars:
Fedhas
Gozag
Kikubaaqudgha
Makhleb
Nemelex Xobeh
Okawaru
Vehumet
Yredelemnul
Zin
Jiyva

Shops:
Orc:2 :!(:

Annotations:
Lair:5 3 runed translucent doors, ctx's ghost, journeyman GnEE


Innate Abilities, Weirdness & Mutations

((You are very nimble when in or above water. (Stealth+, EV+, Speed+++)))
Your lower body shifts to a powerful aquatic tail in water.
Armour fits poorly on your strangely shaped body.
You are somewhat resistant to further mutation.


Message History

* * * LOW HITPOINT WARNING * * *
You slice the white very ugly thing!! You burn the white very ugly thing.
The white very ugly thing is heavily wounded.
The white ugly thing headbutts you.
* * * LOW HITPOINT WARNING * * *
The white ugly thing freezes you!!
* * * LOW HITPOINT WARNING * * *
You block the red ugly thing's attack.
You barely miss the white very ugly thing.
The white very ugly thing is heavily wounded.
The white very ugly thing misses you.
The brown very ugly thing punches you but does no damage.
You completely miss the white very ugly thing.
The white very ugly thing is heavily wounded.
The white ugly thing misses you.
The red ugly thing is distracted by your dazzling golden aura.
The red ugly thing gurgles horribly!
You are too berserk!
Okay, then.
You are too berserk!
You slash the white very ugly thing! You burn the white very ugly thing.
The white very ugly thing is severely wounded.
The white very ugly thing closely misses you.
The brown very ugly thing misses you.
You slash the white very ugly thing! You burn the white very ugly thing.
The white very ugly thing is severely wounded.
The white ugly thing headbutts you.
* * * LOW HITPOINT WARNING * * *
The white ugly thing freezes you!!
* * * LOW HITPOINT WARNING * * *
You slash the white very ugly thing! You burn the white very ugly thing.
The white very ugly thing is almost dead.
You block the white very ugly thing's attack.
The brown very ugly thing basks in the mutagenic energy from its kin and changes!
The white ugly thing barely misses you.
The white very ugly thing headbutts you!
* * * LOW HITPOINT WARNING * * *
The white very ugly thing freezes you!!!
You die...
Your body crumbles into a pile of gold.

$
##########
#........#
#....u@u.#
#....$uu.#
#........#
#........+
#........+
##########


You could see 2 very ugly things and 2 ugly things.

Vanquished Creatures
  A shard shrike (IceCv)
  Sojobo (Vaults:2)
  Arachne (Spider:4)
  Rupert (D:15)
  A tentacled monstrosity (Swamp:4)
  A moon troll (WizLab)
  A quicksilver dragon (WizLab)
  6 tentacled starspawn (WizLab)
  The ghost of Lahaam the Bludgeoner, an adept MiBe of Trog (Spider:3)
  3 sphinxes
  The ghost of Musia the Eclecticist, an adept DjCj of Ashenzari (Spider:1)
  2 tengu reavers (Vaults:2)
  A fire giant (Vaults:2)
  Agnes (D:14)
  A fenstrider witch (Swamp:4)
  6 ghost moths (Spider:4)
  4 emperor scorpions
  10 vault wardens
  An orc warlord (Vaults:1)
  2 cacodemons (WizLab)
  9 ironbound preservers
  20 very ugly things
  2 war gargoyles
  A broodmother (Spider:3)
  2 ironbound thunderhulks
  5 stone giants (WizLab)
  Azrael (Orc:2)
  Nessos (D:15)
  5 eleionomae
  A white draconian (IceCv)
  A minotaur (Gauntlet)
  A vampire knight (Vaults:3)
  2 spark wasps
  8 bunyips
  2 green deaths (Swamp:4)
  2 crystal guardians
  Snorg (D:10)
  An ettin (Vaults:2)
  Josephine (D:12)
  7 yaktaur captains
  5 entropy weavers
  7 great orbs of eyes
  3 shambling mangroves
  17 hydras
  3 ice dragons
  2 catoblepae
  2 peacekeepers
  11 vault guards
  4 ogre magi (Orc:2)
  2 radroaches (Spider:3)
  2 jorogumos
  10 ironbound frosthearts
  28 centaur warriors
  Erica (D:10)
  6 alligators
  A vampire mage (Vaults:3)
  5 two-headed ogres
  9 boulder beetles
  A deep troll shaman (Lair:5)
  A tengu warrior (D:9)
  5 death yaks (Lair:5)
  The ghost of SirDiesAlot the Firebug, a novice DsFE of Vehumet (D:8)
  An orc high priest (Orc:2)
  15 spriggans
  Nergalle (Orc:2)
  Sonja (D:10)
  A fire crab (Lair:4)
  Amaemon (D:8)
  10 skeletal warriors (D:15)
  The ghost of kingofthe the Nimble, a novice OpFE of Sif Muna (D:9)
  A wretched star (WizLab)
  A spectral spark wasp (Spider:4)
  A goliath frog (Swamp:1)
  A large abomination (Swamp:4)
  4 pharaoh ants
  21 deep trolls
  4 sun moths
  A skyshark (Lair:3)
  8 glowing orange brains
  10 orb spiders
  4 spriggan druids
  10 bog bodies
  7 swamp dragons
  2 orange crystal statues
  2 phantasmal warriors
  14 lindwurms
  7 wizards
  19 ironbound convokers
  A necromancer (Vaults:3)
  8 harpies
  11 orc knights
  4 deep elf pyromancers (D:15)
  18 wolf spiders
  6 steelbarb worms
  5 will-o-the-wisps
  48 ugly things
  A spectral radroach (Spider:4)
  3 oklob plants (Lair:4)
  7 orc sorcerers
  A worldbinder (Gauntlet)
  2 moths of wrath (Spider:4)
  4 cyclopes
  A guardian serpent (shapeshifter) (D:13)
  2 ice statues (Spider:4)
  14 elephants
  2 black mambas (Lair:5)
  9 vault sentinels
  7 eyes of devastation (WizLab)
  9 torpor snails
  9 cane toads
  3 orange demons
  2 gargoyles
  5 demonic crawlers
  A freezing wraith (Vaults:3)
  A minotaur zombie (Gauntlet)
  Maggie (Lair:2)
  30 yaktaurs
  3 unseen horrors
  21 rime drakes
  A ghost moth simulacrum (Spider:4)
  A kobold demonologist (D:11)
  3 spark wasp simulacra (Spider:4)
  8 komodo dragons
  2 tengu conjurers (D:13)
  10 trolls
  A bloated husk (Swamp:1)
  A hellwing (Abyss:2)
  16 polar bears
  11 hornets
  A wolf spider simulacrum (Gauntlet)
  29 tarantellas
  9 tyrant leeches
  26 blink frogs
  2 jorogumo simulacra (Spider:4)
  23 jumping spiders
  41 slime creatures
  15 culicivoras
  A centaur simulacrum (Gauntlet)
  3 shadows
  A vampire (D:11)
  46 yaks
  5 wraiths (D:12)
  6 fire elementals (Orc:2)
  11 wyverns
  6 basilisks
  3 neqoxecs (WizLab)
  53 redbacks
  A redback simulacrum (Gauntlet)
  7 wargs
  2 vampire mosquitoes (Swamp:1)
  11 swamp worms
  2 acid dragons
  11 water moccasins
  4 swamp drakes
  4 black bears
  36 orc warriors
  2 radroach simulacra (Spider:4)
  2 ice beasts (D:6)
  An ice dragon simulacrum (Gauntlet)
  A sky beast (D:7)
  A small abomination (Swamp:4)
  10 boggarts
  8 ogres
  12 wolves
  14 centaurs
  A phantom (D:5)
  2 kobold brigands
  9 bullfrogs
  A gnoll sergeant (D:9)
  2 necrophages
  3 scorpions
  7 wights (D:8)
  2 howler monkeys
  A lava snake (D:9)
  A hound (D:4)
  Crazy Yiuf (D:5)
  20 orc priests
  7 jellies
  15 starcursed masses (WizLab)
  3 iguanas
  39 orc wizards
  9 hell rats (Lair:3)
  11 gnolls
  12 adders
  3 shadow imps
  A white imp (D:8)
  2 ufetubi
  A worm (D:3)
  A dart slug (D:3)
  73 orcs
  5 ball pythons
  6 bats
  4 endoplasms
  4 giant cockroaches
  7 goblins
  8 hobgoblins
  16 kobolds
  4 quokkas
  A frilled lizard (D:3)
  8 rats
  A spectral orc (D:7)
1387 creatures vanquished.

Vanquished Creatures (others)
  An eleionoma (Swamp:4)
  3 bloated husks
  A jumping spider (Spider:4)
  2 spriggans (Swamp:3)
  A boggart (D:14)
  A demonic plant (Gauntlet)
  8 foxfires
  24 fungi
  19 plants
  11 starspawn tentacles
  2 withered plants (D:8)
73 creatures vanquished.

Grand Total: 1460 creatures vanquished

Notes
Turn   | Place    | Note
-------+----------+-------------------------------------------
     0 | D:1      | testman the Merfolk Gladiator began the quest for the Orb.
     0 | D:1      | Reached XP level 1. HP: 16/16 MP: 1/1
   255 | D:1      | Reached skill level 4 in Long Blades
   255 | D:1      | Reached XP level 2. HP: 23/23 MP: 2/2
   697 | D:2      | Reached XP level 3. HP: 27/29 MP: 3/3
   980 | D:2      | Reached XP level 4. HP: 22/35 MP: 4/4
  1255 | D:2      | Reached skill level 5 in Long Blades
  2042 | D:3      | Reached XP level 5. HP: 31/42 MP: 5/5
  2314 | D:3      | Found a radiant altar of Vehumet.
  2573 | D:4      | Reached skill level 6 in Long Blades
  2659 | D:4      | Reached XP level 6. HP: 50/50 MP: 6/6
  2678 | D:4      | Reached skill level 5 in Fighting
  2753 | D:4      | Found a blossoming altar of Fedhas.
  2754 | D:4      | Found a sparkling altar of Nemelex Xobeh.
  2755 | D:4      | Found a glowing silver altar of Zin.
  2756 | D:4      | Found an opulent altar of Gozag.
  2766 | D:4      | Became a worshipper of Gozag Ym Sagoz the Greedy
  2973 | D:5      | Entered Level 5 of the Dungeon
  2994 | D:5      | Reached skill level 7 in Long Blades
  2994 | D:5      | Reached XP level 7. HP: 55/58 MP: 7/7
  3609 | D:5      | Noticed a wyvern
  3615 | D:5      | Killed a wyvern
  3616 | D:5      | Reached skill level 8 in Long Blades
  3616 | D:5      | Reached XP level 8. HP: 67/67 MP: 8/8
  3628 | D:5      | Found a staircase to the Ecumenical Temple.
  4031 | D:5      | Reached skill level 5 in Dodging
  4147 | D:5      | Found a runed translucent door.
  4148 | D:5      | Noticed Crazy Yiuf
  4160 | D:5      | Killed Crazy Yiuf
  4841 | D:6      | Reached skill level 9 in Long Blades
  5334 | D:6      | Reached XP level 9. HP: 67/74 MP: 9/9
  5605 | D:7      | Found an iron altar of Okawaru.
  5648 | D:7      | Found a basalt altar of Yredelemnul.
  5785 | D:7      | Reached skill level 10 in Long Blades
  6415 | D:8      | Noticed a centaur warrior
  6450 | D:8      | Killed a centaur warrior
  6451 | D:8      | Reached skill level 10 in Fighting
  6451 | D:8      | Reached skill level 11 in Long Blades
  6451 | D:8      | Reached XP level 10. HP: 51/85 MP: 4/10
  6697 | D:8      | Reached skill level 10 in Dodging
  7076 | D:8      | Identified the +10 dagger of the Several Realms {drain,
                  | rElec MP+9 Int-3}
  7218 | D:8      | Noticed Amaemon
  7218 | D:8      | Noticed an orange demon
  7541 | D:8      | Found a runed translucent door.
  7542 | D:8      | Noticed SirDiesAlot's ghost (novice DsFE)
  7874 | D:9      | Noticed a two-headed ogre
  7886 | D:9      | Killed a two-headed ogre
  7887 | D:9      | Reached skill level 12 in Long Blades
  7959 | D:9      | Found a staircase to the Lair.
  8316 | D:9      | Found a runed translucent door.
  8317 | D:9      | Noticed kingofthe's ghost (novice OpFE)
  8317 | D:9      | Noticed a tengu warrior
  8541 | D:10     | Entered Level 10 of the Dungeon
  8568 | D:10     | Noticed a two-headed ogre
  8579 | D:10     | Killed a two-headed ogre
  8580 | D:10     | Reached XP level 11. HP: 93/93 MP: 11/11
  8840 | D:10     | Noticed Snorg
  8854 | D:10     | Killed Snorg
  8916 | D:10     | Reached skill level 13 in Long Blades
  9043 | D:10     | Noticed Erica
  9070 | D:10     | Noticed Sonja
  9295 | D:8      | Killed Amaemon
  9478 | D:8      | Killed SirDiesAlot's ghost
  9551 | D:9      | Killed a tengu warrior
  9581 | D:9      | Killed kingofthe's ghost
  9593 | D:9      | Identified the +4 ring mail of Sif Muna's Scorn {Str+3}
  9819 | D:10     | Killed Erica
 10252 | D:10     | Noticed a two-headed ogre
 10263 | D:10     | Killed a two-headed ogre
 10264 | D:10     | Reached XP level 12. HP: 79/103 MP: 12/12
 10416 | D:11     | Noticed a boulder beetle
 10448 | D:10     | Killed a boulder beetle
 10499 | D:11     | Reached skill level 14 in Long Blades
 11004 | D:11     | Reached skill level 5 in Throwing
 11246 | D:12     | Identified 2 scrolls of acquirement
 11269 | D:12     | Noticed Josephine
 11313 | D:12     | Found a gate leading to a gauntlet.
 11323 | Gauntlet | Entered a Gauntlet
 11323 | Gauntlet | Found a transporter.
 11335 | Gauntlet | Found a transporter.
 11346 | Gauntlet | Found a transporter.
 11349 | Gauntlet | Found a transporter.
 11352 | Gauntlet | Noticed a hell beast
 11355 | Gauntlet | Found a runed translucent gate.
 11355 | Gauntlet | Found a runed translucent gate.
 11355 | Gauntlet | Found a runed translucent gate.
 11357 | Gauntlet | Found a transporter.
 11378 | Gauntlet | Found a transporter.
 11389 | Gauntlet | Found a transporter.
 11401 | Gauntlet | Found a transporter.
 11402 | Gauntlet | Found a runed translucent door.
 11416 | Gauntlet | Found a runed translucent door.
 11420 | Gauntlet | Found a transporter.
 11434 | Gauntlet | Found a transporter.
 11434 | Gauntlet | Found a transporter.
 11480 | Gauntlet | Noticed a death yak
 11480 | Gauntlet | Noticed a death yak
 11480 | Gauntlet | Noticed a death yak
 11481 | Gauntlet | Noticed a death yak
 11482 | Gauntlet | Found a transporter.
 11483 | Gauntlet | Noticed a death yak
 11496 | Gauntlet | Found a transporter.
 11509 | Gauntlet | Found a transporter.
 11600 | Abyss:2  | Cast into level 2 of the Abyss (a wizard)
 11627 | Abyss:2  | Found a corrupted altar of Lugonu.
 11632 | Abyss:2  | Found a corrupted altar of Lugonu.
 11636 | Abyss:2  | Found a corrupted altar of Lugonu.
 11636 | Abyss:2  | Found a corrupted altar of Lugonu.
 11643 | Abyss:2  | Noticed a tentacled starspawn
 11711 | Abyss:2  | Noticed a thrashing horror
 11714 | Gauntlet | Escaped the Abyss
 11877 | Gauntlet | Identified the amulet "Qiupo Dusch" {Fragile Regen+ Str+4
                  | Slay+6}
 11877 | Gauntlet | Noticed a minotaur
 11897 | Gauntlet | Killed a minotaur
 11917 | Gauntlet | Identified the ring of Vanity {Fly Dex+3}
 11991 | Gauntlet | Acquired 1111 gold pieces
 11992 | Gauntlet | Acquired 748 gold pieces
 11993 | Gauntlet | Acquired the ring "Uneer" {rPois rF- rCorr Slay+3}
 12036 | D:12     | Noticed a two-headed ogre
 12046 | D:12     | Killed Josephine
 12049 | D:12     | Killed a two-headed ogre
 12050 | D:12     | Reached skill level 15 in Long Blades
 12050 | D:12     | Reached XP level 13. HP: 105/111 MP: 13/13
 12104 | D:12     | Found a staircase to the Orcish Mines.
 12223 | D:12     | You are sucked into a shaft and drop 2 floors!
 12386 | D:13     | Found a gate to the Vaults.
 12386 | D:13     | Noticed a vault guard
 12386 | D:13     | Noticed a vault guard
 12386 | D:13     | Noticed a vault guard
 12386 | D:13     | Noticed a vault guard
 12445 | D:13     | Killed a vault guard
 12482 | D:13     | a hog changed into an entropy weaver
 12482 | D:13     | Noticed an entropy weaver (shapeshifter)
 12504 | D:13     | Killed a vault guard
 12505 | D:13     | Reached skill level 15 in Dodging
 12919 | D:12     | Acquired a manual of Throwing
 13050 | Lair:1   | Entered Level 1 of the Lair of Beasts
 13653 | Lair:2   | Noticed Maggie
 13661 | Lair:2   | Killed Maggie
 13933 | Lair:2   | Found a staircase to the Swamp.
 13994 | Lair:2   | Reached skill level 16 in Long Blades
 14097 | Lair:2   | Found a hole to the Spider Nest.
 14747 | Lair:3   | Reached skill level 1 in Armour
 14747 | Lair:3   | Reached XP level 14. HP: 95/121 MP: 14/14
 15106 | Lair:3   | Reached skill level 10 in Throwing
 15173 | Lair:3   | Reached skill level 15 in Fighting
 16493 | Lair:4   | Reached skill level 17 in Long Blades
 16756 | Lair:4   | Found a viscous altar of Jiyva.
 16758 | Lair:4   | Found a staircase to the Slime Pits.
 16878 | Lair:5   | Entered Level 5 of the Lair of Beasts
 17242 | Lair:5   | Reached XP level 15. HP: 131/131 MP: 15/15
 17336 | Lair:5   | Found a runed translucent gate.
 17336 | Lair:5   | Noticed an acid blob
 17337 | Lair:5   | Found a runed translucent gate.
 17337 | Lair:5   | Noticed an azure jelly
 17337 | Lair:5   | Noticed an azure jelly
 17338 | Lair:5   | Found a runed translucent gate.
 17338 | Lair:5   | Noticed an azure jelly
 17338 | Lair:5   | Noticed an azure jelly
 17339 | Lair:5   | Noticed an acid blob
 17346 | Lair:5   | Noticed an acid blob
 17359 | Lair:5   | Found a viscous altar of Jiyva.
 17359 | Lair:5   | Noticed an azure jelly
 17359 | Lair:5   | Noticed an acid blob
 17359 | Lair:5   | Noticed ctx's ghost (journeyman GnEE)
 17359 | Lair:5   | Noticed an azure jelly
 17524 | Lair:5   | Reached skill level 1 in Shields
 18001 | Lair:5   | Found the +4 moon troll leather armour {Spirit, Regen++
                  | MP+5}
 18012 | Lair:5   | Identified the +7 short sword of Pelo {freeze, Will+}
 18347 | Orc:1    | Entered Level 1 of the Orcish Mines
 18613 | Orc:2    | Entered Level 2 of the Orcish Mines
 18834 | Orc:2    | Found a staircase to the Elven Halls.
 18950 | Orc:2    | Gained mutation: You occasionally lose the ability to read
                  | scrolls when taking damage. [a neqoxec]
 18977 | Orc:2    | Reached skill level 18 in Long Blades
 19069 | Orc:2    | Noticed Azrael
 19093 | Orc:2    | Killed Azrael
 19289 | Orc:2    | Found Inodd's Book Shoppe.
 19309 | Orc:2    | Found a radiant altar of Vehumet.
 19346 | Orc:2    | Found Qaebb's Distillery.
 19355 | Orc:2    | Noticed Nergalle
 19360 | Orc:2    | Found an ancient bone altar of Kikubaaqudgha.
 19367 | Orc:2    | Killed Nergalle
 19396 | Orc:2    | Bought a potion of cancellation for 120 gold pieces
 19396 | Orc:2    | Bought a potion of might for 60 gold pieces
 19396 | Orc:2    | Bought a potion of magic for 120 gold pieces
 19430 | Orc:2    | Bought an Inescapable Atlas for 480 gold pieces
 19439 | Orc:2    | Paralysed by an orc sorcerer for 3 turns
 19470 | Orc:2    | Found Fueroo's Book Shoppe.
 19501 | Orc:2    | Found Diloalybec's Antique Weapon Shoppe.
 19503 | Orc:2    | Bought a book of Winter for 374 gold pieces
 19503 | Orc:2    | Bought a book of Frost for 220 gold pieces
 20527 | D:12     | Learned a level 2 spell: Blink
 20586 | D:13     | Reached skill level 5 in Shields
 20709 | D:13     | Reached skill level 1 in Translocations
 21223 | D:14     | Noticed Agnes
 21234 | D:14     | Killed Agnes
 21235 | D:14     | Reached XP level 16. HP: 108/141 MP: 13/16
 21748 | D:15     | Entered Level 15 of the Dungeon
 21788 | D:15     | Reached skill level 15 in Throwing
 22308 | D:15     | Reached skill level 19 in Long Blades
 22444 | D:15     | Found a staircase to the Depths.
 22621 | D:15     | Noticed Nessos
 22647 | D:15     | Killed Nessos
 22672 | D:15     | Found a sparkling altar of Nemelex Xobeh.
 22751 | D:15     | Noticed Rupert
 22770 | D:15     | Killed Rupert
 22832 | D:15     | Found a burning altar of Makhleb.
 22832 | D:15     | Noticed an Executioner
 23074 | D:10     | Killed Sonja
 23155 | Swamp:1  | Entered Level 1 of the Swamp
 24568 | Swamp:2  | Reached XP level 17. HP: 104/149 MP: 13/17
 25482 | Swamp:4  | Entered Level 4 of the Swamp
 25840 | Swamp:4  | Reached skill level 20 in Long Blades
 25906 | Swamp:4  | Paralysed by a fenstrider witch for 3 turns
 26399 | Swamp:4  | Noticed a tentacled monstrosity
 26454 | Swamp:4  | Killed a tentacled monstrosity
 26550 | Swamp:4  | Got a decaying rune of Zot
 26780 | Spider:1 | Entered Level 1 of the Spider Nest
 27043 | Spider:1 | Found a runed translucent door.
 27043 | Spider:1 | Noticed Musia's ghost (adept DjCj)
 27101 | Spider:1 | Killed Musia's ghost
 27863 | Spider:2 | Reached XP level 18. HP: 144/158 MP: 18/18
 28175 | Spider:2 | Reached skill level 5 in Armour
 28969 | Spider:3 | Reached skill level 5 in Translocations
 29971 | Spider:4 | Entered Level 4 of the Spider Nest
 30035 | Spider:4 | Found a frozen archway.
 30175 | IceCv    | Entered an ice cave
 30351 | IceCv    | Reached skill level 21 in Long Blades
 30504 | IceCv    | Noticed a shard shrike
 30531 | IceCv    | Killed a shard shrike
 31001 | Spider:4 | Found a runed translucent gate.
 31002 | Spider:4 | Found a runed translucent gate.
 31003 | Spider:4 | Found a runed translucent gate.
 31004 | Spider:4 | Noticed Lahaam's ghost (adept MiBe)
 31066 | Spider:3 | Killed Lahaam's ghost
 31406 | Spider:4 | Reached XP level 19. HP: 161/164 MP: 19/19
 31871 | Spider:4 | Noticed Arachne
 31929 | Spider:4 | Killed Arachne
 31930 | Spider:4 | Reached skill level 1 in Ice Magic
 32483 | Spider:4 | Got a gossamer rune of Zot
 33481 | Vaults:1 | Entered Level 1 of the Vaults
 33503 | Vaults:1 | Found a magical portal.
 33511 | WizLab   | Entered Lehudib's Moon Base
 33591 | WizLab   | Found a transporter.
 33604 | WizLab   | Paralysed by a great orb of eyes for 2 turns
 33665 | WizLab   | Paralysed by accursed screaming for 1 turns
 33792 | WizLab   | Reached skill level 5 in Ice Magic
 33804 | WizLab   | Found a transporter.
 33841 | WizLab   | Gained mutation: You are weak. (Str -2) [a cacodemon]
 34822 | WizLab   | Gained mutation: Armour fits poorly on your strangely
                  | shaped body. [a cacodemon]
 34828 | WizLab   | Identified the +4 troll leather armour of Oto Xote {+Inv
                  | rC+ Regen+ Int-5 SInv}
 35034 | WizLab   | Learned a level 3 spell: Frozen Ramparts
 35038 | WizLab   | Learned a level 3 spell: Ozocubu's Armour
 35060 | WizLab   | Got Lehudib's Compilation of Reshaped Breccia
 35094 | Vaults:1 | Lost mutation: You are weak. (Str -2) [potion of mutation]
 35094 | Vaults:1 | Lost mutation: You occasionally lose the ability to read
                  | scrolls when taking damage. [potion of mutation]
 35094 | Vaults:1 | Gained mutation: You are somewhat resistant to further
                  | mutation. [potion of mutation]
 35191 | Vaults:1 | Reached skill level 22 in Long Blades
 35349 | Vaults:1 | Reached XP level 20. HP: 176/176 MP: 20/20
 35824 | Vaults:1 | Identified the +8 arbalest of Woe {drain, Int+2 SInv}
 36617 | Vaults:2 | Noticed Sojobo
 36632 | Vaults:2 | Paralysed by an air elemental for 1 turns
 36637 | Vaults:2 | Paralysed by an air elemental for 1 turns
 36641 | Vaults:2 | Killed Sojobo
 36743 | Vaults:2 | Reached skill level 10 in Ice Magic
 37998 | Vaults:2 | Reached skill level 1 in Conjurations
 37999 | Vaults:2 | Reached skill level 1 in Summonings
 37999 | Vaults:2 | Reached XP level 21. HP: 72/186 MP: 11/22
 38114 | Vaults:2 | Identified the +9 plate armour of Muttered Phrases {Rampage
                  | rElec Regen+}
 38167 | Vaults:2 | Reached skill level 1 in Spellcasting
 38854 | Vaults:3 | Reached skill level 23 in Long Blades
 39036 | Vaults:3 | Paralysed by a sphinx for 3 turns
 39618 | Vaults:3 | Found a staircase to the Crypt.
 40178 | Vaults:3 | Learned a level 4 spell: Summon Ice Beast
 40182 | Vaults:3 | Learned a level 3 spell: Hailstorm
 40641 | Vaults:4 | Annihilated by a white very ugly thing

Illustrated notes

Levels and vault maps discovered:
D:1:      dpeg_arrival_shrine, layout_basic
D:2:      wad_river_or_something, layout_basic
D:3:      layout_basic, vehumet_altar_wand_db, kennysheep_generic_room_14
D:4:      layout_rooms, mainiacjoe_overflow_alcove_3
D:5:      layout_gridville, minmay_temple_entry_offerings,
          uniq_crazy_yiuf_cottage
D:6:      layout_cave_pods
D:7:      layout_loops_cross, yredelemnul_forgotten_temple_becter,
          okawaru_trees_1
D:8:      layout_basic, gammafunk_ghost_grave, minmay_misc_feat_roman,
          uniq_amaemon
D:9:      layout_irregular_city, lair_entry_dummy, ebering_ghost_inner_flame,
          kennysheep_cross_room
D:10:     layout_irregular_city, uniq_sonja, uniq_erica, uniq_snorg
D:11:     layout_rooms, minmay_quadrilaterals
D:12:     layout_cave_pools, david_orc_2, gauntlet_entry_generic,
          minmay_misc_feat_nine_boxes, uniq_josephine
D:13:     layout_loops_ring, lightli_vaults_fourway_checkpoint
D:14:     layout_rooms, hangedman_abyss_or_decor_jellyfish_corner, uniq_agnes
D:15:     grunt_enter_depths_hoard, layout_loops_ring,
          nemelex_diamond_rough_becter, makhleb_altar_promises_db, uniq_rupert,
          uniq_nessos
Lair:1:   layout_roguey, nzn_sisyphean_effort
Lair:2:   layout_long_grid, swamp_mist, spider_nest_entry_funnel_web,
          dreamdust_mushroom_princess, wad_woods_river_03, uniq_maggie
Lair:3:   layout_small_grid, special_room [special_room_mythical_zoo]
Lair:4:   nzn_winding_woodlands_three_and_one
          [nzn_winding_woodlands_5x15_lazy_stream,
          nzn_winding_woodlands_5x15_river_crossing,
          nzn_winding_woodlands_5x15_longhouse,
          nzn_winding_woodlands_center_lodge], layout_regular_city,
          minmay_slime_entry_oklob_enclosed
Lair:5:   grunt_lair_end_beastmaster, layout_misc_corridors,
          gammafunk_ghost_ooze
Swamp:1:  layout_basic_swamp, evilmike_swamp_ruin_rubble_1, swamp_pool2
Swamp:2:  layout_basic_swamp, nicolae_swamp_rocky_clearing
Swamp:3:  layout_basic_swamp, nicolae_swamp_round_clearing, swamp_pool1,
          nicolae_swamp_frolicking_bunyips
Swamp:4:  swamp_vile, layout_basic_swamp
Spider:1: layout_cave_pods, hellmonk_ghost_happy_afterlife
Spider:2: layout_spider_delve, nicolae_spider_eight_legs
Spider:3: layout_spider_delve
Spider:4: johnstein_spider_rune_arachne_lair,
          portal_ice_cave_entry_ice_statue_two, gammafunk_ghost_necromancy,
          nicolae_spider_moth_buddies
Orc:1:    layout_caves, special_room [special_room_orc]
Orc:2:    kennysheep_orc_mage_school, layout_diamond_mine,
          kennysheep_orc_chapel, uniq_azrael
Vaults:1: mu_enter_wizlab_2, nicolae_vaults_yaktaur_gun_rack,
          nicolae_vaults_asterisk, v_misc_12, v_misc_22, v_rooms_3,
          hangedman_vaults_trim, grunt_vaults_hallway_short, v_misc_5,
          layout_vaults_omnigrid
Vaults:2: ontoclasm_vaults_decontamination, v_misc_12,
          nicolae_vaults_ninety_degrees,
          vaults_standard_mumra_enter_the_diamond, nicolae_vaults_shelves_hall,
          hangedman_vaults_stitches, nicolae_vaults_three_branches,
          vaults_dpeg_ring, st_hourglassy, serial_ice_m, v_misc_31, v_misc_25,
          ontoclasm_vaults_misaligned, nicolae_vaults_shelves_hall,
          nicolae_vaults_bisected_slash, layout_vaults_omnibox, uniq_sojobo
Vaults:3: hangedman_vaults_restitches, vaults_room_guarded_vault,
          minmay_crypt_entry_simple_walls, grunt_vaults_funnel, v_misc_27,
          v_misc_4, dpeg_vaults_monster_box, vaults_room_hallway, v_rooms_4,
          layout_vaults_omnicross
Vaults:4: advil_vaults_ghost_guards, v_pattern_2, v_misc_11,
          hangedman_vaults_pinch, hangedman_vaults_locks, st_spiral_rooms,
          hangedman_vaults_maws, vaults_standard_mumra_x, vaults_dpeg_hooks,
          vaults_dpeg_diagonal, nicolae_vaults_shelves_hall,
          layout_vaults_big_room, serial_shops, nicolae_shop_stone

Skill      XL: |  1  2  3  4  5  6  7  8  9 10 11 12 13 14 15 16 17 18 19 20 21 |
---------------+----------------------------------------------------------------+-----
Long Blades    | 4 5 6 7 8 9 11 12 13 15 16 17 18 19 20 21 22 23 | 23.3
Fighting       | 3 4 6 7 8 10 11 12 13 14 16 17 18 19 20 21 | 21.5
Dodging        | 6 9 11 13 14 15 | 15.8
Throwing       | 3 6 9 12 14 15 16 17 18 19 | 19.0
Armour         | 1 3 4 6 7 8 |  8.0
Shields        | 5 7 8 |  8.7
Translocations | 1 2 4 5 |  5.0
Ice Magic      | 7 11 13 | 13.6
Conjurations   | 1 3 |  3.0
Summonings     | 1 4 |  4.1
Spellcasting   | 4 |  4.1

Action                     |  1- 3 |  4- 6 |  7- 9 | 10-12 | 13-15 | 16-18 | 19-21 || total
---------------------------+-------+-------+-------+-------+-------+-------+-------++-------
  Melee: Long sword        |    47 |   187 |   332 |   122 |       |       |       ||   688
         Punch             |     1 |     1 |     3 |    11 |    13 |       |       ||    29
         Dagger            |       |       |       |   263 |       |       |       ||   263
         Scimitar          |       |       |       |   280 |  1118 |  1323 |  1516 ||  4237
         Tailslap          |       |       |       |       |     1 |    41 |       ||    42
  Throw: Dart              |       |     3 |     7 |    30 |     7 |     9 |     4 ||    60
         Javelin           |       |     1 |       |       |     5 |     1 |     2 ||     9
         Throwing net      |       |       |       |     3 |       |       |       ||     3
         Boomerang         |       |       |       |       |       |     2 |       ||     2
   Cast: Blink             |       |       |       |       |       |     1 |       ||     1
 Invoke: Potion Petition   |       |       |     1 |     1 |     5 |     7 |    11 ||    25
  Evoke: Wand              |       |       |       |     1 |     2 |     1 |       ||     4
    Use: Scroll            |       |       |       |    16 |    19 |     3 |     5 ||    43
         Potion            |       |       |       |       |     1 |     2 |     6 ||     9
   Stab: Sleeping          |     4 |     4 |     1 |       |     2 |     2 |     1 ||    14
         Distracted        |       |       |     2 |     3 |    16 |    13 |    12 ||    46
         Held in net/web   |       |       |       |     6 |       |       |       ||     6
         Petrified         |       |       |       |       |     8 |       |       ||     8
         Petrifying        |       |       |       |       |     1 |       |       ||     1
         Confused          |       |       |       |       |       |     2 |       ||     2
         Invisible         |       |       |       |       |       |     9 |     7 ||    16
 Armour: Leather armour    |    13 |    51 |    12 |       |       |       |       ||    76
         Ring mail         |       |       |   115 |   163 |   143 |       |       ||   421
         Troll leather arm |       |       |       |       |    99 |   298 |   471 ||   868
  Dodge: Dodged            |    25 |   136 |   174 |   361 |   886 |  1018 |  1179 ||  3779
  Block: Kite shield       |       |       |       |       |   229 |   242 |       ||   471
         Buckler           |       |       |       |       |       |   276 |   529 ||   805

Table legend: (Time is in decaauts)
 A = Elapsed time spent in this place.
 B = Non-inter-level travel time spent in this place.
 C = Inter-level travel time spent in this place.
 D = Time resting spent in this place.
 E = Time spent auto-exploring this place.
 F = Levels seen in this place.
 G = Mean time per level.
                   A        B        C        D        E       F      G
               +--------+--------+--------+--------+--------+-----+--------+
         Total |  39020 |  36801 |   2219 |   1870 |  26161 |  38 | 1026.8 |
       Dungeon |  14964 |  13814 |   1150 |    676 |  10192 |  15 |  997.6 |
          Lair |   5160 |   4785 |    375 |      0 |   3903 |   5 | 1032.0 |
         Swamp |   3129 |   3035 |     94 |    285 |   2037 |   4 |  782.2 |
   Spider Nest |   5492 |   5157 |    335 |    317 |   3651 |   4 | 1373.0 |
  Orcish Mines |   2076 |   1934 |    142 |     22 |   1386 |   2 | 1038.0 |
        Vaults |   5315 |   5194 |    121 |    465 |   3328 |   4 | 1328.8 |
         Abyss |    110 |    110 |      0 |      0 |     43 |   1 |  110.0 |
      Ice Cave |    754 |    754 |      0 |      0 |    507 |   1 |  754.0 |
        Wizlab |   1498 |   1498 |      0 |     65 |    870 |   1 | 1498.0 |
      Gauntlet |    517 |    517 |      0 |     39 |    241 |   1 |  517.0 |
               +--------+--------+--------+--------+--------+-----+--------+

Top non-repeatable levels by time:
Spider:4: 2077 daAuts
Vaults:1: 2012 daAuts
Vaults:2: 1698 daAuts
Vaults:3: 1583 daAuts
  WizLab: 1498 daAuts
    D:10: 1475 daAuts
     D:5: 1411 daAuts
Spider:3: 1395 daAuts
     D:8: 1390 daAuts
   Orc:2: 1349 daAuts
  Lair:5: 1260 daAuts
     D:6: 1151 daAuts
    D:15: 1148 daAuts
Spider:1: 1146 daAuts
  Lair:2: 1108 daAuts
